 Dungeon Crawl Stone Soup version 0.31.0-11-ge490571c62 (webtiles) character file.

Game seed: 8106712538115142842

189 Flugkiller the Chiller (level 5, 24/24 HPs)
             Began as a Vine Stalker Ice Elementalist on Feb 2, 2024.
             Quit the game on level 4 of the Dungeon.
             The game lasted 00:03:30 (669 turns).

Flugkiller the Chiller (VSIE)                        Turns: 669, Time: 00:03:30

Health: 24/24      AC:  4    Str: 11    XL:     5   Next: 68%
Magic:  10/12      EV: 12    Int: 17    God:
Gold:   39         SH:  0    Dex: 14    Spells: 2/12 levels left

rFire   . . .        k - +3 quarterstaff (chaos)
rCold   . . .        (shield currently unavailable)
rNeg    . . .        a - +0 robe
rPois   .            (no helmet)
rElec   .            l - +0 cloak
rCorr   .            c - +0 pair of gloves
SInv    .            (no boots)
Will    .....        (no amulet)
Stlth   ++           (no ring)
HPRegen 1.04/turn    (no ring)
MPRegen 0.13/turn

%: guardian spirit
@: no status effects
A: fangs 2, regeneration 1, magic shield, antimagic bite, no potion heal 2
a: no special abilities


You were on level 4 of the Dungeon.
You visited 2 branches of the dungeon, and saw 6 of its levels.

You collected 99 gold pieces.
You spent 60 gold pieces at shops.

Inventory:

Hand Weapons
 k - a +3 quarterstaff of chaos (weapon)
   (You took it off Crazy Yiuf on level 3 of the Dungeon)
Missiles
 h - 2 curare-tipped darts (quivered)
Armour
 a - a +0 robe (worn)
 c - a +0 pair of gloves (worn)
   (You found it on level 1 of the Dungeon)
 l - a +0 cloak (worn)
   (You took it off Crazy Yiuf on level 3 of the Dungeon)
Magical Staves
 i - a staff of conjuration
   (You found it on level 3 of the Dungeon)
Wands
 d - a wand of light (5)
   (You found it on level 2 of the Dungeon)
 e - a wand of flame (9)
   (You found it on level 2 of the Dungeon)
Scrolls
 f - a scroll of amnesia
 m - a scroll of enchant weapon
 t - a scroll of teleportation
Potions
 b - 2 potions of magic
 j - a potion of heal wounds {unknown}
 q - 2 potions of curing


   Skills:
 - Level 1.5 Dodging
 - Level 2.4 Stealth
 + Level 4.3 Spellcasting
 + Level 0.4 Summonings
 + Level 5.5 Ice Magic


You had 2 spell levels left.
You knew the following spells:

 Your Spells              Type           Power      Damage    Failure   Level
a - Freeze                Ice            88%        1d9       1%          1
b - Frozen Ramparts       Ice            44%        1d7       4%          3
c - Ozocubu's Armour      Ice            22%        N/A       4%          3
d - Summon Ice Beast      Ice/Summ       13%        N/A       14%         3

Your spell library contained the following spells:

 Spells                   Type           Power      Damage    Failure   Level
 Static Discharge         Conj/Air       6%         3-4/arc   24%         2
 Summon Lightning Spire   Summ/Air       4%         N/A       80%         4
 Airstrike                Air            1%         2d(1-17)  83%         4


Dungeon Overview and Level Annotations

Branches:
Dungeon (5/15) Zot: 26942  Temple (1/1) D:4 Zot: 5998

Altars:
Ashenzari
Dithmenos
Elyvilon
Gozag
Hepliaklqana
Okawaru
Qazlal
Ru
Trog
Vehumet
Xom
Yredelemnul
Zin
The Shining One

Shops:
D:4 **


Innate Abilities, Weirdness & Mutations

You have extremely sharp teeth.
Your natural rate of healing is unusually fast.
When hurt, damage is shared between your health and your magic reserves.
Your bite disrupts and absorbs the magic of your enemies.
Potions cannot restore your health.


Message History

A hobgoblin comes into view.
The hobgoblin shouts!
You see here a scroll of enchant weapon.
m - a scroll of enchant weapon
Found a scroll of identify.
You closely miss the hobgoblin. The hobgoblin closely misses you.
Casting: Frozen Ramparts (quite dangerous; 4% risk of failure)
Confirm with . or Enter, or press ? or * to list all spells.
Aiming: Freeze (safe; 1% risk of failure)
Press: ? - help, Shift-Dir - straight line, f - hobgoblin
Aim: a hobgoblin You freeze the hobgoblin!
You kill the hobgoblin!
Found a book of Storms.
r - a scroll of identify
As you read the scroll of identify, it crumbles to dust.
f - 2 potions of curing;
q - 2 potions of curing Unknown command.
Found a great mace.
Found a sling.
You pick up a book of Storms and begin reading...
You add the spells Static Discharge, Airstrike and Summon Lightning Spire to your library.
Unknown command.
A bombardier beetle comes into view.
Unknown command.
Found a stone staircase leading down.
There is a stone staircase leading down here.
You climb downwards.
Found a scroll of identify.
Found a stone staircase leading up and a stone staircase leading down.
There is a stone staircase leading up here.
Unknown command.
You see here a scroll of identify.
r - a scroll of identify Unknown command.
The iguana hisses angrily.
Casting: Freeze (safe; 1% risk of failure)
Confirm with . or Enter, or press ? or * to list all spells.
The walls around you are covered in ice.
The wall freezes the iguana.
The iguana seems to slow down.
The iguana closely misses you.
Casting: Frozen Ramparts (quite dangerous; 4% risk of failure)
Confirm with . or Enter, or press ? or * to list all spells.
Aiming: Freeze (safe; 1% risk of failure)
Press: ? - help, Shift-Dir - straight line, f - iguana
Aim: an iguana (moderately wounded, slow)
You freeze the iguana!
The iguana is severely wounded.
Casting: Freeze (safe; 1% risk of failure)
Confirm with . or Enter, or press ? or * to list all spells.
Aiming: Freeze (safe; 1% risk of failure)
Press: ? - help, Shift-Dir - straight line, f/p - iguana
Aim: an iguana (severely wounded, slow)
You freeze the iguana.
The iguana is almost dead.
The wall freezes the iguana!
You kill the iguana!
The frozen ramparts melt away as you move.
There is a stone staircase leading up here.
You climb upwards.
Found Liofu's Assorted Antiques.
There is a stone staircase leading down here.
There is an entrance to Liofu's Assorted Antiques here.
f - a scroll labelled ISTRIO KAJUE;
n - a scroll labelled MOREIS HUKO Thank you for shopping at Liofu's Assorted Antiques!
As you read the scroll of identify, it crumbles to dust.
f - a scroll of amnesia
As you read the scroll labelled WACULL FUDIT, it crumbles to dust.
It is a scroll of brand weapon.
Okay, then.
As you read the scroll labelled MOREIS HUKO, it crumbles to dust.
The air around you briefly surges with heat, but it dissipates.
It was a scroll of immolation.
Unknown command.
Found 11 gold pieces.
You now have 30 gold pieces (gained 11).
Found a staircase to the Ecumenical Temple.
A ball python comes into view.
Found 9 gold pieces.
The ball python bites you. The ball python misses you.
Casting: Freeze (safe; 1% risk of failure)
Confirm with . or Enter, or press ? or * to list all spells.
The walls around you are covered in ice.
The wall freezes the ball python.
The ball python misses you. The ball python grabs you.
The ball python constricts you.
Unknown command.
You sock the ball python!
You kill the ball python!
The frozen ramparts melt away as you move.
You now have 39 gold pieces (gained 9).
There is a fountain of clear blue water here.
There is a staircase to the Ecumenical Temple here.
You climb downwards.
Welcome to the Ecumenical Temple!
Found a radiant altar of Vehumet and a basalt altar of Yredelemnul.
Found a staircase back to the Dungeon.
There is a staircase back to the Dungeon here.
You climb upwards.
Welcome back to the Dungeon!
There is a staircase to the Ecumenical Temple here.
There is a fountain of clear blue water here.
Are you sure you want to abandon this character and quit the game? (Confirm with "yes".)

######### #.......#
#.8.8.8.# #..⌠.⌠..#
#.8.>.8.# ###
##..@.⌠..## #..#
#..8.8.8..##...##
#.........#......
#.#.#####.........#.
#..........#.......#
########...# ......#
##..###....##
#...##.....##
#...........#


There were no monsters in sight!

Vanquished Creatures
  An ogre (D:3)
  An iguana (D:5)
  3 gnolls (D:4)
  A dart slug (D:1)
  A ribbon worm (D:2)
  An endoplasm (D:1)
  2 giant cockroaches
  3 goblins
  A hobgoblin (D:4)
  3 quokkas
  A ball python (D:4)
  A frilled lizard (D:2)
  2 kobolds
  3 rats
24 creatures vanquished.

Vanquished Creatures (collateral kills)
  Crazy Yiuf (D:3)
1 creature vanquished.

Grand Total: 25 creatures vanquished

Notes
Turn   | Place    | Note
-------+----------+-------------------------------------------
     0 | D:1      | Flugkiller the Vine Stalker Ice Elementalist began the
                  | quest for the Orb.
     0 | D:1      | Reached XP level 1. HP: 9/9 MP: 4/4
    39 | D:1      | Reached XP level 2. HP: 13/13 MP: 3/6
   138 | D:3      | Noticed an ogre
   152 | D:3      | Killed an ogre
   153 | D:3      | Reached skill level 5 in Ice Magic
   153 | D:3      | Reached XP level 3. HP: 16/16 MP: 7/9
   153 | D:3      | Reached XP level 4. HP: 21/21 MP: 7/10
   164 | D:3      | Learned a level 3 spell: Frozen Ramparts
   168 | D:3      | Learned a level 3 spell: Ozocubu's Armour
   172 | D:3      | Learned a level 3 spell: Summon Ice Beast
   282 | D:3      | Found a runed translucent door.
   283 | D:3      | Noticed Crazy Yiuf
   290 | D:3      | Killed Crazy Yiuf
   291 | D:3      | Reached XP level 5. HP: 24/24 MP: 4/12
   489 | D:4      | Found Koxam's General Store.
   610 | D:5      | Entered Level 5 of the Dungeon
   628 | D:4      | Found Liofu's Assorted Antiques.
   633 | D:4      | Bought a scroll labelled ISTRIO KAJUE for 30 gold pieces
   633 | D:4      | Bought a scroll labelled MOREIS HUKO for 30 gold pieces
   651 | D:4      | Found a staircase to the Ecumenical Temple.
   665 | Temple   | Entered the Ecumenical Temple
   669 | D:4      | Quit the game

Illustrated notes

Levels and vault maps discovered:
D:1:      roderic_chinese_lattice_arrival, layout_basic, serial_park_tiny_1,
          minivault_26
D:2:      layout_rooms, serial_bayou, serial_bayou_lake_a, serial_bayou_shore_b,
          serial_bayou_shore_b, serial_bayou_pond_e,
          minmay_misc_feat_four_crosses
D:3:      layout_basic, minmay_stone_trees_small, nicolae_hexahallways,
          uniq_grinder, uniq_crazy_yiuf_cottage
D:4:      layout_layer_cave, minmay_temple_entry_statues_fountains,
          serial_shops, shop_scrolls, nicolae_shop_real_fake_doors, shop
D:5:      nicolae_cairo_tiling, layout_cave_pools, corexii_leaking_fountain
Temple:   nicolae_temple_bog_church

Skill      XL: |  1  2  3  4 |
---------------+-------------+-----
Spellcasting   | 3 4 |  4.3
Ice Magic      | 5 |  5.5
Dodging        | |  1.5
Stealth        | |  2.4
Summonings     | |  0.4

Action                     |  1- 3 |  4- 6 || total
---------------------------+-------+-------++-------
  Melee: Unarmed           |    17 |       ||    17
         Bite              |     7 |       ||     7
         Quarterstaff      |       |    12 ||    12
  Throw: Dart              |     1 |       ||     1
   Cast: Freeze            |    11 |     5 ||    16
         Frozen Ramparts   |       |     7 ||     7
         Summon Ice Beast  |       |     1 ||     1
  Evoke: Wand              |     2 |       ||     2
    Use: Scroll            |     1 |     6 ||     7
   Stab: Sleeping          |       |     1 ||     1
 Armour: Robe              |     8 |    11 ||    19
  Dodge: Dodged            |    14 |    16 ||    30
